 Dungeon Crawl Stone Soup version 0.23.2-1-ga50397a (webtiles) character file.

Game seed: 8472861661871413829

373 xveg the Cudgeler (level 6, -1/53 HPs)
             Began as a Minotaur Berserker on May 15, 2019.
             Was a Priest of Trog.
             Slain by a dart slug (2 damage)
             ... on level 3 of the Dungeon.
             The game lasted 00:03:50 (3346 turns).

xveg the Cudgeler (Minotaur Berserker)              Turns: 3346, Time: 00:03:53

Health: -1/53      AC:  6    Str: 24    XL:     6   Next: 43%
Magic:  5/5        EV: 12    Int:  4    God:    Trog [***...]
Gold:   249        SH:  0    Dex:  9    Spells: 5/5 levels left

rFire    + . .     SeeInvis .   o - +2 mace (venom)
rCold    . . .     Gourm    .   (no shield)
rNeg     . . .     Faith    .   e - +2 leather armour {rF+}
rPois    .         Spirit   .   (helmet restricted)
rElec    .         Reflect  .   v - +0 cloak
rCorr    .         Harm     .   (no gloves)
MR       .....                  (no boots)
Stlth    +.........             s - amulet of the acrobat
HPRegen  0.17/turn              t - ring of wizardry
MPRegen  0.09/turn              (no ring)

@: no status effects
A: retaliatory headbutt, horns 2
a: Berserk, Trog's Hand, Renounce Religion


You were on level 3 of the Dungeon.
You worshipped Trog.
Trog was most pleased with you.
You were not hungry.

You visited 1 branch of the dungeon, and saw 4 of its levels.

You collected 249 gold pieces.

Inventory:

Hand Weapons
 o - a +2 mace of venom (weapon)
Armour
 a - a +0 animal skin
 e - a +2 leather armour of fire resistance (worn)
 v - a +0 cloak (worn)
Magical Staves
 c - an uncursed staff of fire {unknown}
Jewellery
 h - an uncursed amulet of rage
 m - an uncursed amulet of inaccuracy
 s - an amulet of the acrobat (around neck)
 t - a ring of wizardry (left hand)
Wands
 i - a wand of paralysis (7)
Scrolls
 n - a scroll of remove curse
 p - a scroll of magic mapping
 q - a scroll of random uselessness {unknown}
 r - 3 scrolls of identify
 w - a scroll of enchant armour
Potions
 d - 4 potions of curing {unknown}
 f - a potion of agility {unknown}
 g - 2 potions of haste {unknown}
 j - a potion of might {unknown}
 k - a potion of resistance {unknown}
 l - a potion of ambrosia {unknown}
 u - 2 potions of brilliance {unknown}
 x - a potion of flight {unknown}
Comestibles
 b - 7 rations


   Skills:
 + Level 4.4 Fighting
 * Level 5.1 Maces & Flails
 + Level 3.8 Armour
 + Level 3.3 Dodging
 + Level 0.8 Stealth
 - Level 4.3 Unarmed Combat


You had 5 spell levels left.
You didn't know any spells.
Your spell library was empty.

Dungeon Overview and Level Annotations

Branches:
Dungeon (4/15)             Temple (0/1) D:4

Altars:
Fedhas

Annotations:
D:3 Grinder


Innate Abilities, Weirdness & Mutations

You reflexively headbutt those who attack you in melee.
You have a pair of horns on your head.


Message History

You are too injured to fight recklessly!
There are monsters nearby!
You are too injured to fight recklessly!
There are monsters nearby!
You hit Grinder but do no damage.
Grinder is severely wounded.
Grinder gestures at you. Pain shoots through your body!
You barely miss Grinder.
Grinder is severely wounded.
Grinder hits you!
You writhe in agony.
* * * LOW HITPOINT WARNING * * *
You barely miss Grinder. Your headbutt misses Grinder.
Grinder is almost dead.
Grinder hits you.
* * * LOW HITPOINT WARNING * * *
You writhe in agony.
* * * LOW HITPOINT WARNING * * *
The dart slug bites you.
You die...

###.####.###(####### *,,,* #. #
#.........†## *,,,* #.
#*#####.....(.## *,,,* #.
#,,,,,#.##.....# *****,,,#**** #§
#,,,,,#.##.#...# *,,,,,,,....###§
#,,,,,################,,,.....§§§
*,,,,,*,,............##,,....####
*,,,,,+,,......w......##,.****
*******,,......5@......##,*
***###########....#,* ##...#,*
### # ##############....#,* #..
### ###.......†........##,* #.#
..# #.'...............####* #.#
#.###.#..............###.######.#
#[....################.#......(.#
#..#### #.............#.#..#


You could see Grinder and a dart slug.

Vanquished Creatures
  An ogre (D:4)
  A crimson imp (D:4)
  A hound (D:4)
  An orc priest (D:3)
  4 adders
  5 river rats (D:4)
  An ooze (D:2)
  5 worms
  3 dart slugs
  2 leopard geckos
  5 orcs
  A ball python (D:1)
  3 giant cockroaches
  10 goblins
  11 hobgoblins
  2 jackals (D:2)
  8 kobolds
  A quokka (D:2)
  8 bats
  5 frilled lizards
  10 rats
88 creatures vanquished.

Notes
Turn   | Place    | Note
-------+----------+-------------------------------------------
     0 | D:1      | xveg the Minotaur Berserker began the quest for the Orb.
     0 | D:1      | Reached XP level 1. HP: 19/19 MP: 0/0
   124 | D:1      | Reached XP level 2. HP: 22/27 MP: 1/1
   405 | D:1      | Reached XP level 3. HP: 33/33 MP: 2/2
   629 | D:1      | Reached ** piety under Trog
  1474 | D:2      | Reached skill level 1 in Maces & Flails
  1529 | D:2      | Found a blossoming altar of Fedhas.
  1715 | D:3      | Reached XP level 4. HP: 40/40 MP: 3/3
  1795 | D:3      | You fall through a shaft!
  1916 | D:4      | Found a staircase to the Ecumenical Temple.
  1945 | D:4      | Reached skill level 2 in Maces & Flails
  2114 | D:4      | Reached XP level 5. HP: 47/47 MP: 4/4
  2151 | D:4      | Reached skill level 3 in Maces & Flails
  2172 | D:4      | Noticed an ogre
  2178 | D:4      | Killed an ogre
  2178 | D:4      | Reached skill level 4 in Maces & Flails
  2432 | D:4      | Reached XP level 6. HP: 12/53 MP: 5/5
  3237 | D:3      | Reached *** piety under Trog
  3237 | D:3      | Reached skill level 5 in Maces & Flails
  3335 | D:3      | Noticed Grinder
  3346 | D:3      | HP: 1/53 [Grinder (6)]
  3346 | D:3      | Slain by a dart slug

Skill      XL: |  1  2  3  4  5  6 |
---------------+-------------------+-----
Unarmed Combat | 4 |  4.3
Fighting       | 4 |  4.4
Maces & Flails | 1 2 4 5 |  5.1
Armour         | 3 |  3.8
Dodging        | 3 |  3.3
Stealth        | |  0.8

Action                   |  1- 3 |  4- 6 || total
-------------------------+-------+-------++-------
Melee: Unarmed           |    84 |       ||    84
       Headbutt          |    12 |    15 ||    27
       Punch             |     4 |       ||     4
       Mace              |    22 |    98 ||   120
  Use: Scroll            |       |     9 ||     9
  Eat: Chunk             |     3 |     2 ||     5
       Ration            |       |     2 ||     2
Armor: Leather armour    |    23 |    19 ||    42
       Animal skin       |     2 |       ||     2
Dodge: Dodged            |    66 |    59 ||   125
